 Dungeon Crawl Stone Soup version 0.27.1-33-g824d729ab1 (webtiles) character file.

Game seed: 2244717320266267305

28452 Flarelocke the Grappler (level 13, -1/130 HPs)
             Began as a Troll Monk on Dec 29, 2021.
             Was a High Priest of Wu Jian.
             Slain by an ice dragon (11 damage)
             ... on level 4 of the Lair of Beasts.
             The game lasted 01:13:46 (12214 turns).

Flarelocke the Grappler (Troll Monk)               Turns: 12214, Time: 01:13:48

Health: -1/130     AC: 11    Str: 23    XL:     13   Next: 9%
Magic:  12/12      EV: 12    Int:  6    God:    Wu Jian [*****.]
Gold:   582        SH: 11    Dex: 15    Spells: 12/12 levels left

rFire    . . .     SeeInvis .     - Unarmed
rCold    . . .     Faith    .   t - +0 kite shield
rNeg     . . .     Spirit   .   O - +0 troll leather armour
rPois    .         Reflect  .   H - +2 hat
rElec    .         Harm     .   K - +2 cloak
rCorr    .         Rampage  .   (gloves unavailable)
Will     +....                  (boots unavailable)
Stlth    +.........             z - amulet of the acrobat
HPRegen  2.31/turn              k - ring of willpower
MPRegen  0.13/turn              F - +4 ring of slaying

@: mighty, studying Stealth
A: large, unfitting armour, claws 3, regeneration 1, shaggy fur 1, tough skin 1
a: Renounce Religion, Wall Jump, Serpent's Lash, Heavenly Storm


You were on level 4 of the Lair of Beasts.
You worshipped Wu Jian.
Wu Jian was extremely pleased with you.
You visited 3 branches of the dungeon, and saw 15 of its levels.
You also visited: Ossuary.

You collected 915 gold pieces.
You spent 333 gold pieces at shops.

Inventory:

Hand Weapons
 b - a +1 war axe of flaming
 h - a +3 short sword of flaming
 u - a +0 war axe of electrocution
 C - a +2 dagger of electrocution
 L - a +0 vorpal flail
Missiles
 e - 5 javelins
 j - 19 boomerangs (quivered)
 N - 2 throwing nets
Armour
 t - a +0 kite shield (worn)
 A - a +0 robe of willpower
 H - a +2 hat (worn)
 K - a +2 cloak (worn)
 O - a +0 troll leather armour (worn)
 P - +0 steam dragon scales
Jewellery
 k - a ring of willpower (left claw)
 z - an amulet of the acrobat (around neck)
 F - a +4 ring of slaying (right claw)
Wands
 i - a wand of polymorph (6)
 r - a wand of flame (4)
 I - a wand of digging (3)
 J - a wand of acid (9)
Scrolls
 a - 2 scrolls of enchant weapon
 f - 5 scrolls of enchant armour
 l - a scroll of silence
 o - 6 scrolls of magic mapping
 p - 2 scrolls of acquirement
 q - a scroll of fog {unknown}
 s - a scroll of torment {unknown}
 y - a scroll of teleportation
 Q - 3 scrolls of fear
Potions
 c - 3 potions of might
 d - 2 potions of haste
 g - a potion of invisibility
 m - a potion of cancellation
 n - 2 potions of lignification
 v - 2 potions of flight
 w - a potion of magic {unknown}
 x - 2 potions of resistance
 B - a potion of berserk rage {unknown}
 D - 3 potions of curing
 E - 2 potions of degeneration {unknown}
 G - 2 potions of brilliance {unknown}
Miscellaneous
 M - a box of beasts


   Skills:
 + Level 8.8 Fighting
 + Level 6.2(6.7) Axes
 - Level 3.6(5.7) Maces & Flails
 + Level 9.1 Throwing
 - Level 6.3 Dodging
 - Level 1.0 Stealth
 - Level 9.0 Shields
 + Level 9.4 Unarmed Combat


You had 12 spell levels left.
You didn't know any spells.
Your spell library contained the following spells:

 Spells                   Type           Power      Damage    Failure   Level
 Corona                   Hex            0%         N/A       50%         1
 Ensorcelled Hibernation  Hex/Ice        0%         N/A       65%         2
 Ozocubu's Armour         Ice            0%         N/A       86%         3
 Tukima's Dance           Hex            0%         N/A       86%         3
 Summon Forest            Summ/Tloc      0%         N/A       100%        5
 Summon Mana Viper        Hex/Summ       0%         N/A       100%        5
 Shadow Creatures         Summ           N/A        N/A       100%        6
 Ozocubu's Refrigeration  Ice            0%         4d5       100%        7


Dungeon Overview and Level Annotations

Branches:
Dungeon (10/15)            Temple (0/1) D:5            Lair (4/6) D:8
  Snake (0/4) Lair:2          Orc (1/2) D:9         Ossuary (visited)
  Swamp: Lair:2-4    Shoals: Lair:2-4

Altars:
Hepliaklqana
Kikubaaqudgha
Nemelex Xobeh
Ru
Trog
Uskayaw
Wu Jian
Xom
Zin

Shops:
D:2 (   D:8 [*

Annotations:
D:3 1 runed translucent door, Crazy Yiuf
D:5 2 transporters
Lair:1 2 transporters
Lair:2 Fannar
Lair:3 3 runed translucent doors, exclusion: 3 doors, Murch's ghost, journeyman TrHu


Innate Abilities, Weirdness & Mutations

You are too large for most types of armour.
You have claws for hands.
Your natural rate of healing is unusually fast.
You are covered in fur. (AC +1)
You have tough skin. (AC +1)


Message History

You block the ice dragon's attack. The ice dragon closely misses you.
The ice dragon tramples you.
You stumble backwards!
The ice beast moves out of view.
You barely miss the ice dragon.
The ice dragon is lightly wounded.
The ice dragon bites you but does no damage.
The ice dragon claws you but does no damage.
The ice dragon barely misses you.
You mangle the ice dragon!!
The ice dragon is heavily wounded.
You scratch the ice dragon but do no damage.
The ice dragon is heavily wounded.
You block the ice dragon's attack. The ice dragon closely misses you.
The ice dragon tramples you!
You stumble backwards!
You barely miss the ice dragon.
The ice dragon is heavily wounded.
The ice dragon bites you! The ice dragon barely misses you.
The ice dragon tramples you.
You hold your ground!
You spin and attack the ice dragon.
You closely miss the ice dragon.
The ice dragon is heavily wounded.
You block the ice dragon's attack. x2
The ice dragon tramples you but does no damage.
An ice beast comes into view. x2
You scratch the ice dragon.
The ice dragon is heavily wounded.
The ice dragon breathes frost at you. The blast of cold hits you!!
* * * LOW HITPOINT WARNING * * *
You claw the ice dragon!
The ice dragon is severely wounded.
The ice dragon bites you.
* * * LOW HITPOINT WARNING * * *
You block the ice dragon's attack. x2
You feel very mighty all of a sudden. The ice dragon bites you!
* * * LOW HITPOINT WARNING * * *
The ice dragon claws you.
* * * LOW HITPOINT WARNING * * *
The ice dragon tramples you!
You die...

##.....♣♣ ♣.
#.......♣♣♣♣♣..
##..†........♣
#..........P.+ .
..#.........#.#..
...+..............
##................
#####....+P.....(
####@.#....P(
##D##..P..
#.Y##.....
##.Y.#... ##.#
#.Y#.### ###...###
## #.Y..#
##..≈≈≈..##.
......#
#.≈≈≈≈≈≈...
#.⌠.≈≈≈.
..≈≈≈≈≈≈..###
#..≈≈≈≈..


You could see an ice dragon and 4 ice beasts.

Vanquished Creatures
  4 hydras
  A boulder beetle (Lair:3)
  6 death yaks (Lair:3)
  Maurice (D:8)
  2 black mambas (Lair:3)
  4 elephants (Lair:2)
  A gargoyle (D:9)
  A torpor snail (Lair:1)
  A rime drake (Lair:3)
  Maggie (Lair:1)
  A kobold demonologist (D:9)
  3 komodo dragons
  8 cane toads
  Psyche (D:10)
  2 trolls
  Prince Ribbit (D:5)
  6 polar bears
  A hornet (D:9)
  4 dream sheep
  6 blink frogs
  3 basilisks
  17 yaks
  4 vampire mosquitoes (D:7)
  2 steam dragons (D:8)
  2 nagas (Lair:2)
  A warg (D:9)
  7 water moccasins
  3 sky beasts
  2 orc warriors
  4 black bears
  4 ice beasts
  2 ogres
  A phantom (D:5)
  3 centaurs
  A kobold brigand (D:8)
  11 bullfrogs
  2 elf zombies (Ossuary)
  An elf skeleton (D:5)
  4 gnoll sergeants
  A scorpion (D:7)
  6 wights
  3 howler monkeys
  A bullfrog zombie (D:7)
  4 centaur zombies
  5 hounds
  A human zombie (Ossuary)
  3 jellies
  5 orc priests
  3 human skeletons (D:5)
  2 bullfrog skeletons
  4 iguanas
  A scorpion zombie (D:5)
  12 orc wizards
  Natasha (thrice) (D:3)
  A killer bee zombie (D:6)
  5 hound zombies
  4 mummies (Ossuary)
  14 gnolls
  A howler monkey skeleton (D:7)
  10 adders
  A shadow imp (D:8)
  4 white imps
  An adder skeleton (D:4)
  A worm (D:3)
  7 dart slugs
  27 orcs
  10 ball pythons
  9 endoplasms
  3 giant cockroaches
  2 gnoll zombies (Ossuary)
  6 goblins
  10 hobgoblins
  16 kobolds
  2 quokkas
  6 bats
  5 frilled lizards
  A goblin zombie (Ossuary)
  2 hobgoblin zombies (Ossuary)
  2 orc skeletons (D:5)
  A quokka skeleton (D:4)
  5 rats
  A bush (D:3)
340 creatures vanquished.

Vanquished Creatures (others)
  A polar bear (Lair:4)
  16 fungi
  21 plants
38 creatures vanquished.

Grand Total: 378 creatures vanquished

Notes
Turn   | Place    | Note
-------+----------+-------------------------------------------
     0 | D:1      | Flarelocke the Troll Monk began the quest for the Orb.
     0 | D:1      | Reached XP level 1. HP: 22/22 MP: 0/0
    48 | D:1      | Found a faded altar of an unknown god.
   139 | D:1      | Reached XP level 2. HP: 29/29 MP: 1/1
   508 | D:2      | Found Jeuxium's Antique Weapon Emporium.
   565 | D:2      | Reached XP level 3. HP: 30/36 MP: 2/2
   647 | D:2      | Reached XP level 4. HP: 44/44 MP: 3/3
   759 | D:2      | Reached skill level 5 in Unarmed Combat
  1012 | D:2      | Reached XP level 5. HP: 50/50 MP: 4/4
  1609 | D:3      | Found a runed translucent door.
  1610 | D:3      | Noticed Crazy Yiuf
  1722 | D:3      | Noticed Natasha
  1725 | D:3      | Killed Natasha
  1853 | D:3      | Found a shimmering altar of Xom.
  1854 | D:3      | Noticed Natasha
  1856 | D:3      | Found a hide-covered altar of Uskayaw.
  1856 | D:3      | Found an ornate altar of the Wu Jian Council.
  1872 | D:3      | Killed Natasha
  1926 | D:3      | Became a worshipper of the Wu Jian Council
  1926 | D:3      | Reached * piety under Wu Jian
  1926 | D:3      | Reached ** piety under Wu Jian
  2053 | D:3      | Noticed Natasha
  2072 | D:3      | Killed Natasha
  2098 | D:3      | Reached XP level 6. HP: 59/59 MP: 5/5
  2642 | D:4      | Reached XP level 7. HP: 66/66 MP: 6/6
  2864 | D:5      | Entered Level 5 of the Dungeon
  2883 | D:5      | Found a transporter.
  2883 | D:5      | Noticed a yak
  2908 | D:5      | Noticed Prince Ribbit
  2921 | D:5      | Killed Prince Ribbit
  2922 | D:5      | Reached skill level 1 in Throwing
  2922 | D:5      | Reached skill level 1 in Shields
  2957 | D:5      | Found a staircase to the Ecumenical Temple.
  3051 | D:5      | Reached XP level 8. HP: 75/75 MP: 7/7
  3054 | D:5      | Found a sand-covered staircase.
  3066 | Ossuary  | Entered an ossuary
  3085 | Ossuary  | Reached *** piety under Wu Jian
  3441 | D:5      | Found a transporter.
  3442 | D:5      | Noticed a two-headed ogre
  3466 | D:5      | Found a glowing silver altar of Zin.
  3582 | D:5      | Found an ancient bone altar of Kikubaaqudgha.
  3870 | D:2      | Bought a glowing war axe for 123 gold pieces
  4160 | D:6      | Reached XP level 9. HP: 85/85 MP: 8/8
  4358 | D:6      | Reached **** piety under Wu Jian
  4672 | D:6      | Reached skill level 5 in Fighting
  4672 | D:6      | Reached skill level 5 in Dodging
  5275 | D:7      | Found a sparkling altar of Nemelex Xobeh.
  5319 | D:7      | Reached skill level 5 in Throwing
  5352 | D:7      | Reached skill level 5 in Shields
  5845 | D:7      | Found a bloodstained altar of Trog.
  6027 | D:7      | Reached XP level 10. HP: 96/97 MP: 9/9
  6356 | D:8      | Found Ipoibb's Demolitions Depot.
  6389 | D:8      | Found Archehytze's Antique Armour Emporium.
  6399 | D:8      | Bought an embroidered hat for 210 gold pieces
  6593 | D:8      | Found a staircase to the Lair.
  6644 | D:8      | Noticed Maurice
  6714 | D:8      | Killed Maurice
  7307 | D:9      | Found a staircase to the Orcish Mines.
  7423 | D:9      | Found a sacrificial altar of Ru.
  7444 | D:9      | Noticed a gargoyle
  7446 | D:9      | Killed a gargoyle
  7926 | D:10     | Entered Level 10 of the Dungeon
  7952 | Orc:1    | Entered Level 1 of the Orcish Mines
  8080 | D:10     | Noticed Psyche
  8103 | D:10     | Killed Psyche
  8131 | D:10     | Reached XP level 11. HP: 107/107 MP: 10/10
  8342 | D:10     | Reached ***** piety under Wu Jian
  8730 | Lair:1   | Entered Level 1 of the Lair of Beasts
  8793 | Lair:1   | Reached skill level 1 in Maces & Flails
  8833 | Lair:1   | Identified the +5 spear "Pit Pumeu" {pain, Contam +Blink
                  | rC+ Int+5}
  8984 | Lair:1   | Found a transporter.
  8988 | Lair:1   | Noticed a six-headed hydra
  9116 | Lair:1   | Killed a six-headed hydra
  9168 | Lair:1   | Noticed a four-headed hydra
  9180 | Lair:1   | Killed a four-headed hydra
  9354 | Lair:1   | Identified 2 scrolls of acquirement
  9358 | Lair:1   | Noticed Maggie
  9375 | Lair:1   | Killed Maggie
  9436 | Lair:1   | Reached skill level 1 in Axes
  9443 | Lair:1   | You fall into a shaft and drop 1 floor!
  9588 | Lair:1   | Found a transporter.
  9728 | Lair:1   | Identified the +0 leather armour "Riro Vots" {-Cast rF++
                  | rCorr Str+2}
  9883 | Lair:1   | HP: 1/109 [torpor snail (44)]
  9925 | Lair:1   | Reached XP level 12. HP: 52/118 MP: 11/11
 10012 | Lair:2   | Noticed a seven-headed hydra
 10054 | Lair:2   | Killed a one-headed hydra
 10103 | Lair:2   | Found a staircase to the Snake Pit.
 10393 | Lair:2   | Noticed Fannar
 10858 | Lair:3   | Noticed an eight-headed hydra
 10861 | Lair:3   | Found a runed translucent gate.
 10861 | Lair:3   | Found a runed translucent gate.
 10864 | Lair:3   | Found a runed translucent gate.
 10864 | Lair:3   | Found the +0 mask of the Dragon {Will+ Slay+3 SInv}
 10869 | Lair:3   | Noticed Murch's ghost (journeyman TrHu)
 10888 | Lair:3   | Noticed a boulder beetle
 10900 | Lair:3   | Found a hazy altar of Hepliaklqana.
 10912 | Lair:3   | Killed a boulder beetle
 11210 | Lair:3   | Reached skill level 5 in Axes
 11477 | Lair:3   | Noticed a death yak
 11501 | Lair:3   | Killed a death yak
 11515 | Lair:3   | Noticed a death yak
 11515 | Lair:3   | Noticed a death yak
 11774 | Lair:3   | Noticed a death yak
 11807 | Lair:3   | Killed a death yak
 11835 | Lair:3   | Noticed a death yak
 11856 | Lair:3   | Noticed a death yak
 11859 | Lair:3   | Killed a death yak
 11869 | Lair:3   | Killed a death yak
 11882 | Lair:3   | Killed a death yak
 11983 | Lair:3   | Killed a death yak
 12044 | Lair:3   | Reached XP level 13. HP: 124/128 MP: 12/12
 12214 | Lair:4   | Slain by an ice dragon

Illustrated notes

Levels and vault maps discovered:
D:1:      minmay_arrival_checkered_box, layout_rooms,
          shapermc_ecumenical_altar_venn, hex_tiny, minmay_tetromino_l2
D:2:      layout_loops_corners, serial_shops, shop, minmay_divided_ellipse
D:3:      layout_basic, gammafunk_temple_overflow_forgotten,
          minmay_misc_feat_enclosed, minmay_increasing_density, uniq_natasha,
          uniq_crazy_yiuf_cottage
D:4:      layout_loops_cross, minmay_manual_mares
D:5:      layout_rooms, lemuel_tele_altar, gammafunk_temple_overflow_arena,
          minmay_temple_entry_proselytizer, nicolae_ossuary_entry_catacombs,
          uniq_prince_ribbit1
D:6:      layout_cave_pods
D:7:      layout_gridville, trog_book, nemelex_spade_bored_becter
D:8:      layout_gridville, dpeg_oklobed_lair, serial_shops, shop,
          nicolae_blasting_shop, uniq_maurice
D:9:      layout_big_octagon, nicolae_ru_awakened_eye, erik_orc_3,
          serial_gnoll_camp, gnoll_camp_mini_hut, gnoll_camp_mini_house,
          gnoll_camp_mini_basic, gnoll_camp_mini_loothouse, gnoll_camp_mini_hut
D:10:     layout_rooms, uniq_psyche
Lair:1:   gammafunk_cloud_chamber, layout_chaotic_city, grunt_megastairs_1,
          infiniplex_staircase_pool_2, uniq_maggie
Lair:2:   layout_hall_layers, guppyfry_snake_entry_island,
          nicolae_lair_grove_arrangements, uniq_fannar
Lair:3:   beast_lair_carwin_large_2, layout_regular_city, gammafunk_ghost_split,
          basic_altar, st_stairs_12, grunt_forest_small_clearing_treed
Lair:4:   layout_roguey, minmay_swamp_entry_worms, ice2_lemuel,
          infiniplex_staircase_pool, lemuel_fruit_tree
Orc:1:    layout_diamond_mine, serial_shops, shop

Skill      XL: |  1  2  3  4  5  6  7  8  9 10 11 12 |
---------------+-------------------------------------+-----
Unarmed Combat | 4 5 6 8 9 |  9.4
Throwing       | 2 3 5 6 7 9 |  9.1
Shields        | 2 3 5 7 9 |  9.0
Fighting       | 3 4 5 6 7 8 |  8.8
Dodging        | 3 4 5 6 |  6.3
Maces & Flails | 3 |  3.6
Axes           | 2 6 |  6.2
Stealth        | |  1.0

Action                   |  1- 3 |  4- 6 |  7- 9 | 10-12 | 13-15 || total
-------------------------+-------+-------+-------+-------+-------++-------
Melee: Unarmed           |    51 |   205 |   329 |   461 |    25 ||  1071
       Punch             |     2 |     4 |     8 |       |       ||    14
       Flail             |       |       |       |    44 |       ||    44
       War axe           |       |       |       |    17 |     8 ||    25
Throw: Boomerang         |       |       |    51 |   163 |    16 ||   230
Invok: Lunge             |       |     7 |    26 |    37 |     1 ||    71
       Whirlwind         |       |     5 |    29 |    39 |     1 ||    74
       Serpent's Lash    |       |       |     1 |     1 |       ||     2
 Abil: Wall Jump         |       |       |     2 |     1 |       ||     3
  Use: Scroll            |       |     2 |    11 |    11 |       ||    24
       Potion            |       |       |     3 |     4 |     1 ||     8
 Stab: Sleeping          |     2 |     4 |     7 |     3 |       ||    16
Armor: Robe              |     2 |    62 |    68 |    17 |       ||   149
       Troll leather arm |       |       |       |   115 |    14 ||   129
Dodge: Dodged            |    22 |    82 |   106 |   212 |    23 ||   445
Block: Kite shield       |       |       |    52 |   240 |    29 ||   321
